 Dungeon Crawl Stone Soup version 0.21.0-24-g2553a33 (webtiles) character file.

6 tidbits the Magician (level 1, 1/13 HPs)
             Began as a Gnoll Wanderer on Jan 19, 2018.
             Quit the game on level 2 of the Dungeon.
             The game lasted 00:01:44 (167 turns).

tidbits the Magician (Gnoll Wanderer)                Turns: 167, Time: 00:01:44

Health: 1/13       AC:  2    Str: 14    XL:     1   Next: 90%
Magic:  5/6        EV: 11    Int: 15    God:
Gold:   27         SH:  0    Dex: 13    Spells: 7/9 levels left

rFire    . . .     SeeInvis .   j - -3 dagger
rCold    . . .     Gourm    .   (no shield)
rNeg     . . .     Faith    .   d - +0 robe
rPois    .         Spirit   .   (no helmet)
rElec    .         Reflect  .   (no cloak)
rCorr    .         Harm     .   (no gloves)
MR       .....                  (no boots)
Stlth    +.........             (no amulet)
HPRegen  0.04/turn              (no ring)
MPRegen  0.10/turn              (no ring)

@: very slightly contaminated
A: distributed training, fangs 1, strong nose
a: no special abilities


You were on level 2 of the Dungeon.
You were not hungry.

You visited 1 branch of the dungeon, and saw 2 of its levels.

You collected 27 gold pieces.

Inventory:

Hand Weapons
 e - a +1 club
 j - a -3 dagger (weapon)
Missiles
 k - a stone (quivered)
Armour
 d - a +0 robe (worn)
 n - a +0 ring mail
Wands
 a - a wand of paralysis (15)
Scrolls
 l - 2 scrolls of enchant weapon
Potions
 g - a potion of curing {unknown}
 m - a potion of haste {unknown}
Books
 b - the Disquisition on the Entourage

   Spells                             Type                      Level
   a - Summon Butterflies             Summoning                    1
   b - Call Canine Familiar           Summoning                    3
 c - Nuodi's Guide on Protection

   Spells                             Type                      Level
   a - Infusion                       Charms                       1
   b - Regeneration                   Charms/Necromancy            3
Comestibles
 f - 2 rations


   Skills:
 + Level 0.1 Fighting
 + Level 0.1 Short Blades
 + Level 0.1 Long Blades
 + Level 2.4 Axes
 + Level 0.1 Maces & Flails
 + Level 0.1 Polearms
 + Level 0.1 Staves
 + Level 0.1 Slings
 + Level 0.1 Bows
 + Level 0.1 Crossbows
 + Level 0.1 Throwing
 + Level 4.4 Armour
 + Level 0.1 Dodging
 + Level 0.1 Stealth
 + Level 0.1 Shields
 + Level 0.1 Unarmed Combat
 + Level 4.9 Spellcasting
 + Level 3.6 Conjurations
 + Level 0.1 Hexes
 + Level 2.0 Charms
 + Level 0.1 Summonings
 + Level 0.1 Necromancy
 + Level 0.1 Translocations
 + Level 0.1 Transmutations
 + Level 0.1 Fire Magic
 + Level 0.1 Ice Magic
 + Level 0.1 Air Magic
 + Level 0.1 Earth Magic
 + Level 0.1 Poison Magic
 + Level 0.2 Invocations
 + Level 4.4 Evocations


You had 7 spell levels left.
You knew the following spells:

 Your Spells              Type           Power        Failure   Level  Hunger
i - Infusion              Chrm           #...         8%          1    None
P - Summon Butterflies    Summ           #.......     16%         1    None


Dungeon Overview and Level Annotations

Branches:
Dungeon (2/15)

Altars:


Innate Abilities, Weirdness & Mutations

Your experience applies equally to all skills.
You have very sharp teeth.
Your uncanny sense of smell can sniff out nearby items.


Message History

There is a stone staircase leading down here.
A kobold comes into view. It is wielding a dagger.
Found a spear.
The kobold shouts!
The kobold hits you but does no damage.
You hit the kobold.
The kobold is heavily wounded.
The kobold closely misses you.
You closely miss the kobold.
The kobold is heavily wounded.
The kobold hits you with a dagger.
You closely miss the kobold.
The kobold is heavily wounded.
Your magical infusion is running out.
The kobold hits you with a dagger.
* * * LOW HITPOINT WARNING * * *
The kobold barely misses you.
You closely miss the kobold.
The kobold is heavily wounded.
The kobold hits you with a dagger.
* * * LOW HITPOINT WARNING * * *
You hit the kobold.
You kill the kobold!
Your Charms skill increases to level 2!
Things that are here:
a dagger; a stone
j - a dagger;
k - a stone Wield which item (- for none, * to show all)? (? for menu, Esc to quit)
It sticks to your hand!
j - a cursed -3 dagger (weapon)
You are no longer magically infusing your attacks.
Found 3 scrolls labeled LAISAR KOMP.
You see here 3 scrolls labeled LAISAR KOMP.
l - 3 scrolls labeled LAISAR KOMP
There is a stone staircase leading down here.
You climb downwards.
Found a stone staircase leading up.
There is a stone staircase leading up here.
Unknown command.
There is a stone staircase leading up here.
Magic restored.
You climb upwards.
A bat comes into view.
The bat closely misses you.
There is a stone staircase leading down here.
Casting: Infusion
Confirm with . or Enter, or press ? or * to list all spells.
You begin infusing your attacks with magical energy.
The bat hits you but does no damage. The bat closely misses you.
You closely miss the bat. The bat hits you but does no damage.
The bat hits you.
* * * LOW HITPOINT WARNING * * *
The bat barely misses you.
You closely miss the bat. The bat hits you.
* * * LOW HITPOINT WARNING * * *
The bat misses you.
You hit the bat.
You kill the bat!
Okay, then.
Your magical infusion is running out.
You open the door.
There is an open door here.
Found a silvery potion.
You see here a silvery potion.
m - a silvery potion You are no longer magically infusing your attacks.
There is an open door here.
There is a stone staircase leading down here.
You climb downwards.
There is a stone staircase leading up here.
Unknown command.
There is a stone staircase leading up here.
Found 18 gold pieces and a ring mail.
A leopard gecko comes into view.
The leopard gecko hisses angrily.
You see here a ring mail.
n - a ring mail A kobold comes into view.
It is wielding a whip.
Casting: Infusion
Confirm with . or Enter, or press ? or * to list all spells.
You miscast Infusion.
You are very lightly contaminated with residual magic.
Nothing appears to happen.
The kobold shouts!
The leopard gecko bites you.
* * * LOW HITPOINT WARNING * * *
As you read the scroll labeled LAISAR KOMP, it crumbles to dust.
It is a scroll of enchant weapon.
Your +0 club glows red for a moment.
The leopard gecko misses you. The leopard gecko bites you.
* * * LOW HITPOINT WARNING * * *
As you read the scroll labeled PARICVUUTI, it crumbles to dust.
It is a scroll of identify.
i - a scroll of remove curse The leopard gecko misses you.
As you read the scroll of remove curse, it crumbles to dust.
You feel as if something is helping you.
The leopard gecko closely misses you.
A kobold comes into view.
Are you sure you want to abandon this character and quit the game? (Confirm with "yes".)

#..# #..# #..#
### #..# ..#
#..# #K# #..#
#l# #..# ##@##
#<.###...##..
#.<.......K$.#
##.###...###.#
#.# ##.## #.#
#.# #.# #.#
#.# #.# #.# ..


You could see a leopard gecko and 2 kobolds.

Vanquished Creatures
  2 bats (D:1)
  A giant cockroach (D:1)
  A hobgoblin (D:1)
  A kobold (D:1)
5 creatures vanquished.

Notes
Turn   | Place    | Note
-------+----------+-------------------------------------------
     0 | D:1      | tidbits the Gnoll Wanderer began the quest for the Orb.
     0 | D:1      | tidbits set off with: a wand of paralysis (15), the Disquisition on the Entourage, Nuodi's Guide on Protection, a +0 robe, a +0 club, a ration
     0 | D:1      | Reached XP level 1. HP: 13/13 MP: 6/6
     0 | D:1      | Identified the Disquisition on the Entourage
     0 | D:1      | Identified Nuodi's Guide on Protection
     2 | D:1      | Learned a level 1 spell: Infusion
     4 | D:1      | Learned a level 1 spell: Summon Butterflies
    94 | D:1      | Reached skill level 2 in Charms
   164 | D:2      | HP: 1/13 [leopard gecko (2)]
   167 | D:2      | Quit the game

Skill      XL: |  1 |
---------------+----+-----
Charms         | 2 |  2.0
Fighting       | |  0.1
Short Blades   | |  0.1
Long Blades    | |  0.1
Axes           | |  2.4
Maces & Flails | |  0.1
Polearms       | |  0.1
Staves         | |  0.1
Slings         | |  0.1
Bows           | |  0.1
Crossbows      | |  0.1
Throwing       | |  0.1
Armour         | |  4.4
Dodging        | |  0.1
Stealth        | |  0.1
Shields        | |  0.1
Unarmed Combat | |  0.1
Spellcasting   | |  4.9
Conjurations   | |  3.6
Hexes          | |  0.1
Summonings     | |  0.1
Necromancy     | |  0.1
Translocations | |  0.1
Transmutations | |  0.1
Fire Magic     | |  0.1
Ice Magic      | |  0.1
Air Magic      | |  0.1
Earth Magic    | |  0.1
Poison Magic   | |  0.1
Invocations    | |  0.2
Evocations     | |  4.4

Action                   || total
-------------------------++-------
Melee: Club              ||    12
       Dagger            ||     3
       Bite              ||     1
 Cast: Infusion          ||     4
  Use: Scroll            ||     3
Armor: Robe              ||     3
Dodge: Dodged            ||    12

Table legend:
 A = Turns spent in this place as a percentage of turns spent in the entire game.
 B = Non-inter-level travel turns spent in this place as a percentage of non-inter-level travel turns spent in the entire game.
 C = Inter-level travel turns spent in this place as a percentage of turns spent in this place.
 D = Turns resting spent in this place as a percentage of non-inter-level travel turns spent in this place.
 E = Turns spent auto-exploring this place as a percentage of non-inter-level travel turns spent in this place.
 F = Non-inter-level travel turns spent in this place divided by the number of levels of this place that you've seen.
                   A       B       C       D       E      F
               +-------+-------+-------+-------+-------+----------------------
         Total | 100.0 | 100.0 |   0.0 |   0.0 |   0.0 |  83.5
       Dungeon | 100.0 | 100.0 |   0.0 |   0.0 |   0.0 |  83.5
               +-------+-------+-------+-------+-------+----------------------

Table legend:
 A = Kills in this place as a percentage of kills in entire the game.
 B = Kills by you in this place as a percentage of kills by you in the entire game.
 C = Kills by friends in this place as a percentage of kills by friends in the entire game.
 D = Other kills in this place as a percentage of other kills in the entire game.
 E = Experience gained in this place as a percentage of experience gained in the entire game.
 F = Experience gained in this place divided by the number of levels of this place that you have seen.
                   A       B       C       D       E      F
               +-------+-------+-------+-------+-------+----------------------
         Total | 100.0 | 100.0 |   N/A |   N/A | 100.0 |   4.5
       Dungeon | 100.0 | 100.0 |   N/A |   N/A | 100.0 |   4.5
               +-------+-------+-------+-------+-------+----------------------

Vault maps used:
D:1:      evilmike_arrival_crescent
D:2:      first_ration
